[ PARTIDA AOE2 · #495288178 ]
UnrankedBorgoñones vs Sicilians
Equipo del jugador · VICT
Equipo rival · DERR
[ ANÁLISIS DE REPETICIÓN · EXTRAÍDO DE LA PARTIDA GRABADA ]
Feudal
9:56
Castillos
—
Imperial
—
| APM promedio | 54.3 |
| APM pico | 87 |
| eAPM promedio | 23.2 |
| Aldeanos / militares | 36 / 13 |
Foco
⚔️ 31.2% · 🌾 68.8%
Archer ×13
Feudal
—
Castillos
—
Imperial
—
| APM promedio | 75.7 |
| APM pico | 167 |
| eAPM promedio | 39.7 |
| Aldeanos / militares | 46 / 0 |
Foco
⚔️ 55.0% · 🌾 45.0%
Mapa de la partida
Recursos iniciales + cada clic de construcción. Líneas = muros · curvas = relieve. ◆ oro · ⬟ piedra · ● bayas · ✦ reliquia · ◌ hueco del cierre
Tu base· Abierta — flanco sin cerrar
Base de DSLG | GabrieL· Abierta — flanco sin cerrar
Terreno inicial suavizado · ◌ = hueco del cierre detectado · pasá el cursor para detalles
Inputs por minuto
— SneakySalmon - - DSLG | GabrieL
Build order — SneakySalmon
87 acciones detectadas en el replay
| 0:00 | Crear | Villager (Male) |
| 0:01 | Crear | Villager (Male) |
| 0:01 | Crear | Villager (Male) |
| 0:01 | Crear | Villager (Male) |
| 0:02 | Construir | House |
| 0:05 | Construir | House |
| 1:29 | Crear | Villager (Male) |
| 1:58 | Crear | Villager (Male) |
| 2:04 | Crear | Villager (Male) |
| 2:32 | Construir | Lumber Camp |
| 2:52 | Crear | Villager (Male) |
| 3:14 | Investigar | Double-Bit Axe |
| 3:17 | Crear | Villager (Male) |
| 3:48 | Crear | Villager (Male) |
| 4:06 | Construir | House |
| 4:08 | Construir | House |
| 4:13 | Crear | Villager (Male) |
| 4:35 | Crear | Villager (Male) |
| 4:57 | Crear | Villager (Male) |
| 4:58 | Crear | Villager (Male) |
| 5:23 | Crear | Villager (Male) |
| 5:32 | Construir | Mill |
| 5:46 | Investigar | Loom |
| 6:26 | Crear | Villager (Male) |
| 6:51 | Crear | Villager (Male) |
| 7:46 | Investigar | Feudal Age |
| 7:46 | Investigar | Feudal Age |
| 7:55 | Construir | Mining Camp |
| 8:41 | Construir | Barracks |
| 9:14 | Construir | Palisade Wall |
| 9:27 | Crear | Villager (Male) |
| 9:43 | Construir | Palisade Wall |
| 9:56 | Edad | Edad Feudal |
| 9:58 | Construir | Archery Range |
| 10:20 | Crear | Villager (Male) |
| 10:27 | Investigar | Bow Saw |
| 10:40 | Crear | Villager (Male) |
| 10:44 | Construir | House |
| 10:46 | Construir | House |
| 10:50 | Construir | Palisade Wall |
| 10:58 | Crear | Archer |
| 10:58 | Crear | Archer |
| 11:16 | Crear | Villager (Male) |
| 11:43 | Crear | Archer |
| 12:08 | Crear | Archer |
| 12:32 | Construir | Town Center |
| 12:40 | Construir | House |
| 12:42 | Construir | House |
| 13:18 | Crear | Archer |
| 14:19 | Construir | Farm |
| 14:19 | Construir | Farm |
| 14:19 | Construir | Farm |
| 14:20 | Construir | Farm |
| 14:20 | Construir | Farm |
| 14:20 | Construir | Farm |
| 14:51 | Crear | Villager (Male) |
| 15:08 | Construir | Mining Camp |
| 15:30 | Crear | Archer |
| 15:32 | Crear | Villager (Male) |
| 16:10 | Crear | Archer |
| 16:16 | Crear | Villager (Male) |
| 16:16 | Crear | Villager (Male) |
| 17:11 | Crear | Villager (Male) |
| 17:16 | Construir | Mining Camp |
| 17:17 | Construir | Archery Range |
| 17:27 | Crear | Villager (Male) |
| 18:16 | Construir | Lumber Camp |
| 18:44 | Crear | Villager (Male) |
| 18:45 | Crear | Villager (Male) |
| 19:00 | Construir | Farm |
| 19:02 | Construir | Farm |
| 19:20 | Crear | Archer |
| 19:27 | Crear | Villager (Male) |
| 19:31 | Construir | House |
| 19:51 | Crear | Villager (Male) |
| 20:00 | Construir | Blacksmith |
| 20:02 | Crear | Archer |
| 20:46 | Investigar | Fletching |
| 20:47 | Crear | Archer |
| 21:00 | Crear | Villager (Male) |
| 21:21 | Crear | Archer |
| 21:21 | Crear | Archer |
| 21:38 | Crear | Villager (Male) |
| 21:38 | Crear | Villager (Male) |
| 21:59 | Crear | Villager (Male) |
| 21:59 | Crear | Villager (Male) |
| 22:49 | Crear | Archer |
Build order — DSLG | GabrieL
74 acciones detectadas en el replay
| 0:00 | Crear | Villager (Male) |
| 0:00 | Crear | Villager (Male) |
| 0:01 | Construir | House |
| 0:02 | Construir | House |
| 0:03 | Crear | Villager (Male) ×2 |
| 1:27 | Crear | Villager (Male) |
| 1:54 | Crear | Villager (Male) |
| 2:20 | Crear | Villager (Male) |
| 2:49 | Crear | Villager (Male) |
| 3:09 | Crear | Villager (Male) |
| 3:12 | Construir | Lumber Camp |
| 3:15 | Construir | House |
| 3:46 | Crear | Villager (Male) |
| 3:50 | Crear | Villager (Male) ×2 |
| 4:27 | Crear | Villager (Male) |
| 4:37 | Investigar | Loom |
| 4:37 | Crear | Villager (Male) |
| 4:39 | Crear | Villager (Male) |
| 4:52 | Crear | Villager (Male) |
| 5:54 | Crear | Villager (Male) |
| 5:54 | Crear | Villager (Male) ×3 |
| 6:13 | Construir | House |
| 6:29 | Crear | Villager (Male) |
| 6:55 | Crear | Villager (Male) |
| 6:56 | Crear | Villager (Male) |
| 6:56 | Crear | Villager (Male) |
| 6:56 | Crear | Villager (Male) |
| 7:04 | Construir | House |
| 7:07 | Crear | Villager (Male) |
| 8:27 | Construir | Town Center |
| 8:56 | Crear | Villager (Male) |
| 8:57 | Crear | Villager (Male) ×2 |
| 9:31 | Construir | House |
| 9:35 | Construir | House |
| 9:41 | Construir | House |
| 10:01 | Construir | Palisade Wall |
| 10:17 | Construir | House |
| 10:49 | Construir | Palisade Wall |
| 10:57 | Construir | Palisade Wall |
| 10:59 | Construir | Palisade Wall |
| 11:23 | Crear | Villager (Male) |
| 11:28 | Construir | Mill |
| 12:29 | Crear | Villager (Male) |
| 12:47 | Construir | Outpost |
| 13:01 | Construir | Town Center |
| 13:26 | Construir | Palisade Gate |
| 13:28 | Crear | Villager (Male) |
| 13:38 | Crear | Villager (Male) |
| 13:55 | Construir | Palisade Wall |
| 13:55 | Construir | Palisade Wall |
| 13:55 | Construir | Palisade Wall |
| 13:55 | Construir | Palisade Wall |
| 13:56 | Construir | Palisade Wall |
| 13:56 | Construir | Palisade Wall |
| 13:56 | Construir | Palisade Wall |
| 13:56 | Construir | Palisade Wall |
| 14:17 | Construir | Palisade Wall |
| 14:18 | Crear | Villager (Male) |
| 14:51 | Crear | Villager (Male) |
| 15:24 | Crear | Villager (Male) |
| 15:55 | Crear | Villager (Male) |
| 16:31 | Crear | Villager (Male) |
| 17:08 | Crear | Villager (Male) |
| 17:32 | Construir | Town Center |
| 17:53 | Construir | Mining Camp |
| 18:12 | Crear | Villager (Male) |
| 18:12 | Crear | Villager (Male) |
| 18:20 | Crear | Villager (Male) |
| 19:42 | Crear | Villager (Male) |
| 19:57 | Construir | Lumber Camp |
| 20:05 | Crear | Villager (Male) |
| 20:18 | Crear | Villager (Male) |
| 21:08 | Construir | Town Center |
| 21:54 | Crear | Villager (Male) |
Cronología de la partida
| 8:41 | SneakySalmon · first_building Barracks |
| 9:14 | SneakySalmon · wall_segment Palisade Wall x1 |
| 9:43 | SneakySalmon · wall_segment Palisade Wall x3 |
| 9:56 | SneakySalmon · age_up feudal |
| 9:58 | SneakySalmon · first_building Archery Range |
| 10:01 | DSLG | GabrieL · wall_segment Palisade Wall x1 |
| 10:49 | DSLG | GabrieL · wall_segment Palisade Wall x6 |
| 10:50 | SneakySalmon · wall_segment Palisade Wall x1 |
| 10:57 | DSLG | GabrieL · wall_segment Palisade Wall x1 |
| 10:59 | DSLG | GabrieL · wall_segment Palisade Wall x1 |
| 13:55 | DSLG | GabrieL · wall_segment Palisade Wall x4 |
| 13:55 | DSLG | GabrieL · wall_segment Palisade Wall x2 |
| 13:55 | DSLG | GabrieL · wall_segment Palisade Wall x1 |
| 13:55 | DSLG | GabrieL · wall_segment Palisade Wall x1 |
| 13:56 | DSLG | GabrieL · wall_segment Palisade Wall x3 |
| 13:56 | DSLG | GabrieL · wall_segment Palisade Wall x1 |
| 13:56 | DSLG | GabrieL · wall_segment Palisade Wall x1 |
| 13:56 | DSLG | GabrieL · wall_segment Palisade Wall x1 |
| 14:17 | DSLG | GabrieL · wall_segment Palisade Wall x3 |
| 22:58 | DSLG | GabrieL · resign |
[ ANÁLISIS IA · 1 CRÉDITO ]
¿Qué pasó realmente en esta partida?
Wolo.gg analiza cada decisión: build order, eco, micro, errores típicos por bracket. Análisis personalizado por WhatsApp o Discord en 30 segundos.
Guía civ
Borgoñones
Perfil
Jugador #1790613